 Dungeon Crawl Stone Soup version 0.30-a0-972-gf3ab3527aa (webtiles) character file.

Game seed: 5848214751391988420

296 Demosthentine the Ducker (level 6, -18/47 HPs)
             Began as a Demonspawn Gladiator on Mar 31, 2023.
             Killed from afar by a steam dragon (22 damage)
             ... with a ball of steam
             ... on level 3 of the Dungeon.
             The game lasted 00:02:45 (2243 turns).

Demosthentine the Ducker (Demonspawn Gladiator)     Turns: 2243, Time: 00:02:45

Health: -18/47     AC:  4    Str: 16    XL:     6   Next: 12%
Magic:  6/6        EV: 14    Int: 10    God:
Gold:   116        SH:  0    Dex: 20    Spells: 5/5 levels left

rFire   . . .      SeeInvis .    a - +0 trident
rCold   . . .      Faith    .    (no shield)
rNeg    . . .      Spirit   .    b - +0 leather armour
rPois   .          Reflect  .    c - +0 helmet
rElec   .          Rampage  .    (no cloak)
rCorr   .                        (no gloves)
Will    .....                    (no boots)
Stlth   +                        (no amulet)
HPRegen 0.27/turn                f - +6 ring of dexterity
MPRegen 0.10/turn                (no ring)

@: about to teleport
A: hooves 1, spiny 2
a: no special abilities


You were on level 3 of the Dungeon.
You visited 1 branch of the dungeon, and saw 3 of its levels.

You collected 116 gold pieces.

Inventory:

Hand Weapons
 a - a +0 trident (weapon)
Missiles
 d - 2 throwing nets (quivered)
 e - a javelin
Armour
 b - a +0 leather armour (worn)
 c - a +0 helmet (worn)
Jewellery
 f - a +6 ring of dexterity (left hand)
 g - a ring of protection from fire
Wands
 t - a wand of iceblast (6)
Scrolls
 i - a scroll of teleportation
 j - a scroll of vulnerability {unknown}
 k - a scroll of amnesia
 l - a scroll of silence {unknown}
Potions
 h - a potion of brilliance {unknown}
 n - a potion of might {unknown}
 o - a potion of attraction {unknown}
 q - a potion of cancellation {unknown}
 r - a potion of degeneration {unknown}


   Skills:
 + Level 3.6 Fighting
 + Level 3.9 Polearms
 - Level 1.7 Throwing
 + Level 2.5 Armour
 + Level 3.9 Dodging


You had 5 spell levels left.
You didn't know any spells.
Your spell library contained the following spells:

 Spells                   Type           Power      Damage    Failure   Level
 Scorch                   Fire           0%         2d5       56%         2
 Flame Wave               Conj/Fire      0%         2d4       99%         4
 Summon Cactus Giant      Summ           0%         N/A       100%        6


Dungeon Overview and Level Annotations

Branches:
Dungeon (3/15)

Altars:


Innate Abilities, Weirdness & Mutations

You have large cloven feet.
You are mostly covered in sharp spines.


Message History

You reach to attack!
You hit the steam dragon.
The steam dragon is lightly wounded.
A gnoll comes into view. It is wielding a +0 spear.
The steam dragon breathes steam at you. The ball of steam hits you!
The steam dragon struggles against the net.
You hear a shout!
A gnoll comes into view. It is wielding a +0 halberd.
Reach: a) +0 trident
Press: ? - help, Dir - move target, f/p - steam dragon
Aim: a steam dragon (steam, lightly wounded, entangled in a net, catching its breath, about 6% to evade your +0 trident)
You reach to attack!
You barely miss the steam dragon.
The steam dragon is lightly wounded.
The steam dragon struggles against the net.
Reach: a) +0 trident
Press: ? - help, Dir - move target, f/p - steam dragon
Aim: a steam dragon (lightly wounded, entangled in a net, about 6% to evade your +0 trident)
You reach to attack!
You hit the steam dragon but do no damage.
The steam dragon is lightly wounded.
The steam dragon breathes steam at you. The ball of steam hits you!!
Ouch! That really hurt!
* * * LOW HITPOINT WARNING * * *
The steam dragon struggles against the net.
The net rips apart, and the steam dragon comes free!
Unknown command.
Okay, then.
As you read the scroll of teleportation, it crumbles to dust.
You feel strangely unstable.
Unknown command.
Unknown command.
Your surroundings seem slightly different.
Unknown command.
Found a sedimented brown potion.
As you read the scroll of teleportation, it crumbles to dust.
You feel strangely unstable. The steam dragon breathes steam at you.
The ball of steam hits you!!
You die...

#. #.# #.# #.#
#.# #.#
#######.########
.....!..@.......
######§########
##.§.## #.....#
##...## ##.##
... #D# #.# #.#
#.# ##'## #.#


There were no monsters in sight!

Vanquished Creatures
  Grinder (D:3)
  Robin (D:3)
  3 adders (D:2)
  2 worms (D:2)
  A dart slug (D:1)
  3 orcs (D:3)
  6 ball pythons
  5 bats
  5 endoplasms
  A giant cockroach (D:1)
  12 goblins
  7 hobgoblins
  3 jackals (D:2)
  6 quokkas
  6 kobolds
  2 rats (D:1)
64 creatures vanquished.

Notes
Turn   | Place    | Note
-------+----------+-------------------------------------------
     0 | D:1      | Demosthentine the Demonspawn Gladiator began the quest for
                  | the Orb.
     0 | D:1      | Reached XP level 1. HP: 16/16 MP: 1/1
   189 | D:1      | Gained mutation: You have large cloven feet. [demonic
                  | ancestry]
   189 | D:1      | Reached XP level 2. HP: 16/22 MP: 2/2
   636 | D:1      | Reached skill level 1 in Armour
   725 | D:1      | Reached XP level 3. HP: 28/28 MP: 3/3
  1394 | D:2      | Gained mutation: You are partially covered in sharp spines.
                  | [demonic ancestry]
  1394 | D:2      | Reached XP level 4. HP: 33/34 MP: 4/4
  1785 | D:3      | Noticed Grinder
  1807 | D:3      | Killed Grinder
  1808 | D:3      | Gained mutation: You are mostly covered in sharp spines.
                  | [demonic ancestry]
  1808 | D:3      | Reached XP level 5. HP: 19/41 MP: 5/5
  2017 | D:3      | Reached XP level 6. HP: 47/47 MP: 6/6
  2058 | D:3      | Found a faded altar of an unknown god.
  2100 | D:3      | Noticed Robin
  2116 | D:3      | Killed Robin
  2222 | D:3      | Noticed a steam dragon
  2232 | D:3      | HP: 1/47 [steam dragon/ball of steam (24)]
  2243 | D:3      | Killed from afar by a steam dragon

Illustrated notes

Levels and vault maps discovered:
D:1:      dpeg_arrival_central, layout_loops_ring, grunt_decor_resistance,
          grunt_decor_clamped
D:2:      layout_rooms
D:3:      layout_loops_corners, dreamdust_ecumenical_altar_statues,
          uniq_grinder, uniq_robin

Skill      XL: |  1  2  3  4 |
---------------+-------------+-----
Polearms       | 3 |  3.9
Dodging        | 3 |  3.9
Armour         | 1 2 |  2.5
Fighting       | 3 |  3.6
Throwing       | |  1.7

Action                     |  1- 3 |  4- 6 || total
---------------------------+-------+-------++-------
  Melee: Trident           |   136 |    54 ||   190
         Kick              |    28 |    11 ||    39
  Throw: Throwing net      |       |     1 ||     1
    Use: Scroll            |     3 |     6 ||     9
         Potion            |       |     3 ||     3
   Stab: Sleeping          |     2 |       ||     2
 Armour: Leather armour    |    27 |     4 ||    31
  Dodge: Dodged            |    74 |    19 ||    93

Table legend: (Time is in decaauts)
 A = Elapsed time spent in this place.
 B = Non-inter-level travel time spent in this place.
 C = Inter-level travel time spent in this place.
 D = Time resting spent in this place.
 E = Time spent auto-exploring this place.
 F = Levels seen in this place.
 G = Mean time per level.
                   A        B        C        D        E       F      G
               +--------+--------+--------+--------+--------+-----+--------+
         Total |   2251 |   2222 |     29 |    100 |   1704 |   3 |  750.3 |
       Dungeon |   2251 |   2222 |     29 |    100 |   1704 |   3 |  750.3 |
               +--------+--------+--------+--------+--------+-----+--------+

Top non-repeatable levels by time:
     D:1: 952 daAuts
     D:2: 842 daAuts
     D:3: 457 daAuts
